 Dungeon Crawl Stone Soup version 0.26.1-11-gd32895ea62 (webtiles) character file.

Game seed: 8245195917720245099

5311 nothank2 the Geomancer (level 10, -4/56 HPs)
             Began as a Gargoyle Earth Elementalist on July 9, 2021.
             Was a Believer of Vehumet.
             Slain by a shadow (18 damage)
             ... on level 7 of the Dungeon.
             The game lasted 00:33:28 (9647 turns).

nothank2 the Geomancer (GrEE)                       Turns: 9647, Time: 00:33:30

Health: -4/56      AC: 13    Str: 15    XL:     10   Next: 64%
Magic:  19/22      EV: 12    Int: 18    God:    Vehumet [**....]
Gold:   551        SH:  0    Dex: 10    Spells: 16/26 levels left

rFire    + . .     SeeInvis .   x - +10 spear "Orb Guardian's Doom" {pain, rPois rC++ Str+2 Stlth+}
rCold    + + +     Faith    .   (no shield)
rNeg     + . .     Spirit   .   G - +2 robe {Will+}
rPois    ∞         Reflect  .   (no helmet)
rElec    +         Harm     .   (no cloak)
rCorr    .         Rampage  .   (no gloves)
Will     +....                  m - +1 pair of boots
Stlth    +++.......             (no amulet)
HPRegen  0.18/turn              v - ring of protection from fire
MPRegen  0.18/turn              E - ring of protection from cold

@: no status effects
A: negative energy resistance 1, electricity resistance, unbreathing,
petrification resistance, miasma immunity, AC +7
a: Renounce Religion


You were on level 7 of the Dungeon.
You worshipped Vehumet.
Vehumet was pleased with you.
You visited 1 branch of the dungeon, and saw 9 of its levels.

You collected 551 gold pieces.

Inventory:

Hand Weapons
 u - a +0 mace of draining
 x - the +10 spear "Orb Guardian's Doom" (weapon) {pain, rPois rC++ Str+2 Stlth+}
   (You found it on level 4 of the Dungeon)

   In the hands of one skilled in necromantic magic, it inflicts extra damage on
   living creatures.
   It affects your strength (+2).
   It greatly protects you from cold.
   It protects you from poison.
   It makes you more stealthy.
 A - the +2 short sword "Zeomepp" {vorpal, rN+ Will+ Str+7}
   (You found it on level 5 of the Dungeon)

   It inflicts extra damage upon your enemies.
   It affects your strength (+7).
   It protects you from negative energy.
   It affects your willpower, your defense against some magical effects.
Missiles
 b - 215 stones
Armour
 c - a +0 robe
 m - a +1 pair of boots (worn)
 G - a +2 robe of willpower (worn)
Jewellery
 l - an uncursed ring of attention
 t - an uncursed ring of fire
 v - a ring of protection from fire (left hand)
 E - a ring of protection from cold (right hand)
 I - an uncursed amulet of reflection
Wands
 B - a wand of paralysis (6)
 H - a wand of polymorph (5)
Scrolls
 d - 9 scrolls of identify
 f - 4 scrolls of teleportation
 g - 4 scrolls of remove curse
 o - a scroll of immolation {unknown}
 r - 5 scrolls of magic mapping
 y - 2 scrolls of enchant weapon {unknown}
 C - 2 scrolls of fog {unknown}
 F - a scroll of enchant armour
Potions
 a - 2 potions of ambrosia {unknown}
 e - 7 potions of flight {unknown}
 h - 2 potions of degeneration {unknown}
 i - 2 potions of brilliance {unknown}
 j - a potion of invisibility {unknown}
 k - 4 potions of curing {unknown}
 n - a potion of mutation {unknown}
 p - a potion of resistance {unknown}
 q - a potion of attraction {unknown}
 s - 3 potions of haste {unknown}
 w - 3 potions of heal wounds {unknown}
 z - 2 potions of might {unknown}
 D - a potion of lignification {unknown}
 J - 2 potions of magic {unknown}


   Skills:
 - Level 3.1 Fighting
 - Level 1.5 Dodging
 - Level 2.1 Stealth
 + Level 8.5 Spellcasting
 + Level 9.2 Conjurations
 - Level 1.0 Transmutations
 + Level 11.0 Earth Magic


You had 16 spell levels left.
You knew the following spells:

 Your Spells              Type           Power        Failure   Level
a - Sandblast             Erth           94%          1%          1
b - Stone Arrow           Conj/Erth      88%          1%          3
c - Lee's Rapid Deconstr  Erth           23%          2%          5
d - Magic Dart            Conj           100%         1%          1

Your spell library contained the following spells:

 Spells                   Type           Power        Failure   Level
 Passwall                 Tmut/Erth      24%          1%          2
 Sting                    Tmut/Pois      36%          8%          1
 Mephitic Cloud           Conj/Pois/Air  18%          8%          3
 Petrify                  Tmut/Erth      29%          8%          4
 Poisonous Vapours        Pois/Air       14%          14%         2
 Ignite Poison            Fire/Tmut/Pois 8%           24%         3
 Olgreb's Toxic Radiance  Pois           7%           67%         4


Dungeon Overview and Level Annotations

Branches:
Dungeon (9/15)             Temple (0/1) D:6            Lair (0/6) D:8
    Orc: D:9-12

Altars:
Ashenzari
Hepliaklqana
Nemelex Xobeh
Ru
Sif Muna
Trog
Vehumet
Wu Jian
Zin

Shops:
D:4 (   D:6 *

Annotations:
D:4 2 transporters


Innate Abilities, Weirdness & Mutations

You are resistant to torment.
Your stone body is resilient. (AC +7)
You are immune to poison.
You resist negative energy. (rN+)
You are resistant to electric shocks. (rElec)
You can survive without breathing.
You are immune to petrification.
You are immune to miasma.


Message History

Aiming: Sandblast (safe; 1% risk of failure)
Press: ? - help, Q - select action, (/) - cycle Shift-Dir - straight line, f - shadow
Aim: a shadow (lightly damaged, 17% to evade)
The blast of sand hits the shadow but does no damage.
The shadow is lightly damaged.
The shadow barely misses you.
Aiming: Sandblast (safe; 1% risk of failure)
Press: ? - help, Q - select action, (/) - cycle Shift-Dir - straight line, f/p - shadow
Aim: a shadow (lightly damaged, 17% to evade)
The blast of sand hits the shadow.
The shadow is lightly damaged.
The shadow slips into darkness.
The shadow flickers and vanishes!
Deactivating autopickup; reactivate with Ctrl-A.
Aiming: Sandblast (safe; 1% risk of failure)
Press: ? - help, Q - select action, (/) - cycle Shift-Dir - straight line, f - ogre
Aim: an ogre, wielding a +0 giant spiked club (8% to evade)
The blast of sand misses the ogre.
The shadow strikes at you from the darkness!
You die...

#.####..##.###[#.######....
#.....>....................
#######......#.#.#....#....
#........#.#....#....
#......###.#....####. #......#
#.#......... #...O..#
#.#......... ####{###
#.#......... #@# #.#.....#...
#.#####.......#.##
#.................
#########.....#.#. #####.#.#.
#.#.#. ###### #.#...
################....########.#...
..............................<..


You could see an ogre.

Vanquished Creatures
  Erica (D:8)
  Joseph (D:8)
  Maggie (D:8)
  A hornet (D:8)
  A yak (D:8)
  2 wyverns
  Grum (D:9)
  A basilisk (D:8)
  A water moccasin (D:7)
  A black bear (D:8)
  An eye of draining (D:9)
  3 sky beasts
  4 ogres
  3 phantoms
  A necrophage (D:8)
  2 wolves (D:9)
  2 centaurs
  A bullfrog (D:9)
  3 scorpions
  A water moccasin skeleton (D:4)
  6 killer bees (D:8)
  A howler monkey (D:4)
  A jelly (D:8)
  A bullfrog skeleton (D:5)
  A bullfrog zombie (D:9)
  5 hounds
  3 orc priests
  A centaur skeleton (D:4)
  4 iguanas
  11 worker ants
  3 orc wizards
  2 hound skeletons
  A worker ant zombie (D:5)
  A howler monkey zombie (D:8)
  A howler monkey skeleton (D:6)
  5 adders
  2 shadow imps
  3 white imps
  An ufetubus (D:8)
  An ooze (D:2)
  An adder zombie (D:6)
  An adder skeleton (D:8)
  3 worms
  3 dart slugs
  3 leopard geckos
  22 orcs
  8 giant cockroaches
  3 goblins
  9 hobgoblins
  15 jackals
  2 quokkas
  A ball python (D:4)
  10 bats
  10 frilled lizards
  7 kobolds
  2 rats (D:1)
186 creatures vanquished.

Vanquished Creatures (others)
  3 plants (D:8)
3 creatures vanquished.

Grand Total: 189 creatures vanquished

Notes
Turn   | Place    | Note
-------+----------+-------------------------------------------
     0 | D:1      | nothank2 the Gargoyle Earth Elementalist began the quest
                  | for the Orb.
     0 | D:1      | Reached XP level 1. HP: 10/10 MP: 3/3
   150 | D:1      | Reached skill level 1 in Transmutations
   214 | D:1      | Reached skill level 4 in Earth Magic
   214 | D:1      | Reached XP level 2. HP: 8/15 MP: 1/5
   666 | D:1      | Reached XP level 3. HP: 18/19 MP: 4/6
  1007 | D:2      | Learned a level 3 spell: Stone Arrow
  1232 | D:2      | You fall into a shaft and drop 1 floor!
  1233 | D:3      | Noticed a sky beast
  1271 | D:3      | Found a faded altar of an unknown god.
  1347 | D:4      | Reached skill level 1 in Conjurations
  1347 | D:4      | Reached XP level 4. HP: 2/24 MP: 1/8
  2097 | D:2      | Reached XP level 5. HP: 28/28 MP: 10/10
  2388 | D:2      | Reached skill level 5 in Earth Magic
  2656 | D:3      | Killed a sky beast
  2657 | D:3      | Reached XP level 6. HP: 19/32 MP: 6/11
  3594 | D:4      | Found a sacrificial altar of Ru.
  3622 | D:4      | Found a transporter.
  3626 | D:4      | Found a transporter.
  3636 | D:4      | Noticed a troll
  3638 | D:4      | Found an ornate altar of the Wu Jian Council.
  3638 | D:4      | Found a hazy altar of Hepliaklqana.
  4091 | D:4      | Reached skill level 6 in Earth Magic
  4152 | D:4      | Reached XP level 7. HP: 15/36 MP: 8/13
  4461 | D:4      | Got an ichor-stained spear
  4462 | D:4      | Identified the +10 spear "Orb Guardian's Doom" {pain, rPois
                  | rC++ Str+2 Stlth+} (You found it on level 4 of the Dungeon)
  4489 | D:4      | Found Tahujy's Weapon Emporium.
  4941 | D:5      | Entered Level 5 of the Dungeon
  4985 | D:5      | Reached skill level 5 in Spellcasting
  4997 | D:5      | Reached skill level 7 in Earth Magic
  5003 | D:5      | Learned a level 5 spell: Lee's Rapid Deconstruction
  5157 | D:5      | Got a bloodstained short sword
  5158 | D:5      | Identified the +2 short sword "Zeomepp" {vorpal, rN+ Will+
                  | Str+7} (You found it on level 5 of the Dungeon)
  5269 | D:5      | Reached XP level 8. HP: 42/42 MP: 11/15
  5383 | D:5      | Found a radiant altar of Vehumet.
  5383 | D:5      | Found a shimmering blue altar of Sif Muna.
  5384 | D:5      | Found a sparkling altar of Nemelex Xobeh.
  5387 | D:5      | Became a worshipper of Vehumet
  5417 | D:5      | Found a glowing silver altar of Zin.
  5525 | D:5      | Reached skill level 1 in Fighting
  5641 | D:5      | Reached skill level 5 in Conjurations
  5731 | D:5      | Found a broken altar of Ashenzari.
  5887 | D:6      | Found a staircase to the Ecumenical Temple.
  6064 | D:6      | Found Zusmutuad's General Store.
  6768 | D:6      | Found a bloodstained altar of Trog.
  6994 | D:7      | Reached skill level 8 in Earth Magic
  7631 | D:8      | Noticed Joseph
  7642 | D:8      | Killed Joseph
  7643 | D:8      | Reached XP level 9. HP: 33/50 MP: 1/18
  7644 | D:8      | Reached * piety under Vehumet
  7644 | D:8      | Offered knowledge of Freeze by Vehumet.
  7856 | D:8      | Found a staircase to the Lair.
  7952 | D:8      | Noticed Erica
  7955 | D:8      | Noticed Maggie
  7958 | D:8      | Killed Erica
  7959 | D:8      | Reached skill level 9 in Earth Magic
  7995 | D:8      | Killed Maggie
  8278 | D:8      | Reached skill level 10 in Earth Magic
  8278 | D:8      | Reached XP level 10. HP: 49/56 MP: 15/21
  9352 | D:9      | Offered knowledge of Magic Dart by Vehumet.
  9376 | D:9      | Learned a level 1 spell: Magic Dart
  9454 | D:9      | Noticed Grum
  9457 | D:9      | Reached ** piety under Vehumet
  9461 | D:9      | Killed Grum
  9462 | D:9      | Reached skill level 11 in Earth Magic
  9647 | D:7      | Slain by a shadow

Illustrated notes

Levels and vault maps discovered:
D:1:      roderic_dead_forest, layout_basic
D:2:      layout_loops_cross, kennysheep_another_room
D:3:      layout_loops_cross, chequers_ecumenical_altar_simple, dk_vineyard_3,
          minmay_vboxes
D:4:      layout_loops_ring, gammafunk_temple_overflow_arena, serial_shops,
          shop, lemuel_statue_altar
D:5:      layout_rooms, kennysheep_little_box, nicolae_overflow_quartered_altars
D:6:      layout_loops_ring, lightli_temple_of_fire,
          minmay_temple_entry_slanted, serial_shops, shop,
          kennysheep_nondescript, kennysheep_cross_bottleneck
D:7:      layout_basic
D:8:      layout_cave_pools, david_lair_generic, serial_glass, glass_columns_a,
          glass_columns_a, glass_columns_b, glass_columns_b, uniq_erica,
          uniq_joseph, uniq_maggie
D:9:      layout_big_octagon, uniq_grum

Skill      XL: |  1  2  3  4  5  6  7  8  9 10 |
---------------+-------------------------------+-----
Transmutations | 1 |  1.0
Earth Magic    | 4 5 6 7 8 10 11 | 11.0
Spellcasting   | 3 4 5 6 7 8 |  8.5
Conjurations   | 1 2 3 4 6 8 9 |  9.2
Fighting       | 3 |  3.1
Dodging        | |  1.5
Stealth        | |  2.1

Action                   |  1- 3 |  4- 6 |  7- 9 | 10-12 || total
-------------------------+-------+-------+-------+-------++-------
Melee: Whip              |    42 |       |       |       ||    42
       Falchion          |     7 |   117 |       |       ||   124
       Mace              |       |    44 |     9 |       ||    53
       Spear             |       |       |   119 |    37 ||   156
       Short sword       |       |       |    34 |       ||    34
 Cast: Sandblast         |    38 |    34 |    12 |    32 ||   116
       Stone Arrow       |       |     1 |    39 |    32 ||    72
       Lee's Rapid Decon |       |       |     1 |     2 ||     3
       Magic Dart        |       |       |       |     2 ||     2
Evoke: Wand              |       |       |     1 |       ||     1
  Use: Scroll            |     2 |       |     5 |       ||     7
 Stab: Sleeping          |     2 |     2 |    12 |       ||    16
       Distracted        |       |     1 |     1 |       ||     2
Armor: Robe              |    46 |    75 |    49 |    36 ||   206
Dodge: Dodged            |    91 |   128 |    99 |    44 ||   362
       Rpst.: Falchion   |    15 |    26 |       |       ||    41
